 Dungeon Crawl Stone Soup version 0.25-a0-591-g2ad0d861f1 (webtiles) character file.

Game seed: 16344091035973374523, levelgen mode: deterministic

86804 Kohma the Blocker (level 15, -7/96 HPs)
             Began as a Gargoyle Earth Elementalist on Mar 14, 2020.
             Was a High Priest of Ashenzari.
             Mangled by a catoblepas (31 damage)
             ... on level 13 of the Dungeon.
             The game lasted 01:36:17 (30059 turns).

Kohma the Blocker (Gargoyle Earth Elementalist)    Turns: 30059, Time: 01:36:18

Health: -7/96      AC: 25    Str: 17    XL:     15   Next: 88%
Magic:  30/30      EV: 13    Int: 26    God:    Ashenzari [*****.]
Gold:   786        SH: 15    Dex: 10    Spells: 6/36 levels left

rFire    . . .     SeeInvis +   a - +6 demon blade (elec) (curse)
rCold    + . .     Gourm    .   R - +0 kite shield (curse)
rNeg     + . .     Faith    .   w - +4 troll leather armour (curse) {Snorg}
rPois    ∞         Spirit   .   L - +0 helmet
rElec    +         Reflect  +   X - +1 cloak {+Inv} (curse)
rCorr    .         Harm     .   p - +0 pair of gloves
MR       +....     Clarity  +   P - +0 pair of boots
Stlth    ++........             V - +2 amulet of reflection (curse)
HPRegen  0.66/turn              s - ring "Udurruomn" {+Inv rC+ Str+5 Int+4 Slay+3} (curse)
MPRegen  0.22/turn              Z - ring of wizardry (curse)

@: flying
A: big wings, negative energy resistance 1, electricity resistance, unbreathing,
petrification resistance, rot immunity, AC +11
a: Stop Flying, Curse Item, Scrying, Transfer Knowledge, Renounce Religion,
Evoke Invisibility


You were on level 13 of the Dungeon.
You worshipped Ashenzari.
Ashenzari was extremely pleased with you.
You were not hungry.

You visited 3 branches of the dungeon, and saw 20 of its levels.
You also visited: Ice Cave.

You collected 1416 gold pieces.
You spent 630 gold pieces at shops.

Inventory:

Hand Weapons
 a - a cursed +6 demon blade of electrocution (weapon)
Missiles
 f - 38 poisoned darts (quivered)
 z - 399 stones
Armour
 p - a +0 pair of gloves (worn)
 w - a cursed +4 troll leather armour (worn) {Snorg}
 L - a +0 helmet (worn)
 P - a +0 pair of boots (worn)
 R - a cursed +0 kite shield (worn)
 X - a cursed +1 cloak of invisibility (worn)
Jewellery
 m - an uncursed ring of protection from fire
 s - the cursed ring "Udurruomn" (left hand) {+Inv rC+ Str+5 Int+4 Slay+3}
   (You acquired it on level 3 of the Lair of Beasts)

   [ring of strength]

   It affects your strength (+5).
   It affects your intelligence (+4).
   It affects your accuracy and damage with ranged weapons and melee attacks
   (+3).
   It protects you from cold.
   It lets you turn invisible.
   It has a curse placed upon it.
 G - an uncursed ring of positive energy
 V - a cursed +2 amulet of reflection (around neck)
 Z - a cursed ring of wizardry (right hand)
Wands
 g - a wand of iceblast (19)
 q - a wand of disintegration (7)
 B - a wand of acid (11)
 D - a wand of clouds (8)
 I - a wand of enslavement (12)
 U - a wand of digging (5)
Scrolls
 c - 3 scrolls of identify
 h - 3 scrolls of blinking
 r - 4 scrolls of remove curse
 F - 4 scrolls of immolation
 J - 3 scrolls of magic mapping
 M - 7 scrolls of teleportation
 Y - 2 scrolls of fear
Potions
 e - 2 potions of lignification
 i - 8 potions of curing
 l - a potion of cancellation
 n - 3 potions of berserk rage
 o - a potion of ambrosia
 u - 4 potions of resistance
 v - 2 potions of haste
 x - a potion of invisibility
 A - 2 potions of might
 C - 2 potions of mutation
 H - 6 potions of brilliance
 K - 3 potions of heal wounds
 O - 2 potions of magic
Miscellaneous
 k - a fan of gales
 S - a phial of floods
Comestibles
 b - 8 chunks of flesh
 d - 21 rations


   Skills:
 + Level 11.8 Fighting
 - Level 10.8(14.5) Long Blades
 - Level 3.6 Armour
 + Level 4.9 Dodging
 - Level 2.1 Stealth
 - Level 13.4(15.7) Shields
 + Level 11.2 Spellcasting
 - Level 8.5(12.4) Conjurations
 - Level 2.0(5.0) Charms
 - Level 2.0(5.0) Summonings
 - Level 1.1(3.4) Translocations
 - Level 2.0(5.0) Transmutations
 - Level 1.0(3.2) Air Magic
 - Level 11.6(15.2) Earth Magic
 * Level 4.3(8.1) Evocations


You had 6 spell levels left.
You knew the following spells:

 Your Spells              Type           Power        Failure   Level  Hunger
a - Sandblast             Erth           ######       0%          1    None
b - Passwall              Tmut/Erth      ######..     1%          2    None
c - Stone Arrow           Conj/Erth      ######       1%          3    None
d - Lee's Rapid Deconstr  Erth           #######...   1%          5    ###....
e - Petrify               Tmut/Erth      ######..     1%          4    None
f - Swiftness             Chrm/Air       #####...     1%          2    None
g - Summon Butterflies    Summ           #####...     1%          1    None
h - Apportation           Tloc           ####..       1%          1    None
i - Iron Shot             Conj/Erth      ######....   1%          6    #####..
j - Blink                 Tloc           N/A          1%          2    None
k - Mephitic Cloud        Conj/Pois/Air  #####...     1%          3    None

Your spell library contained the following spells:

 Spells                   Type           Power        Failure   Level  Hunger
 Animate Skeleton         Necr           N/A          1%          1    None
 Beastly Appendage        Tmut           #####.       1%          1    None
 Infusion                 Chrm           ####         1%          1    None
 Magic Dart               Conj           ####         1%          1    None
 Pain                     Necr           ###.         1%          1    None
 Shock                    Conj/Air       ####         1%          1    None
 Call Imp                 Summ           #####...     1%          2    None
 Searing Ray              Conj           ######       1%          2    None
 Shroud of Golubria       Chrm/Tloc      #####.       1%          2    None
 Song of Slaying          Chrm           #####...     1%          2    None
 Sticks to Snakes         Tmut           #####...     1%          2    None
 Conjure Flame            Conj/Fire      #####...     1%          3    None
 Dazzling Flash           Conj/Hex       #####.       1%          3    None
 Lesser Beckoning         Tloc           ####......   1%          3    None
 Ozocubu's Armour         Chrm/Ice       ####....     1%          3    None
 Spectral Weapon          Hex/Chrm       ####....     1%          3    None
 Spider Form              Tmut/Pois      ####......   1%          3    None
 Static Discharge         Conj/Air       ######..     1%          3    None
 Fulminant Prism          Conj/Hex       #####.....   1%          4    None
 Iskenderun's Mystic Bla  Conj/Tloc      ######..     1%          4    None
 Bolt of Magma            Conj/Fire/Erth ######....   1%          5    ###....
 Iskenderun's Battlesphe  Conj/Chrm      ######..     1%          5    ###....
 Slow                     Hex            ###.....     2%          2    None
 Lightning Bolt           Conj/Air       ######....   2%          5    ###....
 Tukima's Dance           Hex            ###.....     4%          3    None
 Vampiric Draining        Necr           ###.......   4%          3    None
 Airstrike                Air            ####......   4%          4    None
 Ice Form                 Ice/Tmut       ####....     6%          4    None
 Blade Hands              Tmut           #####.....   7%          5    ###....
 Animate Dead             Necr           N/A          16%         4    None
 Alistair's Intoxication  Tmut/Pois      ####....     16%         5    ###....
 Agony                    Necr           ###.....     38%         5    ###....
 Invisibility             Hex            ###.....     90%         6    #####..
 Orb of Destruction       Conj           ######....   10%         7    ######.
 Spellforged Servitor     Conj/Summ      ######....   41%         7    ######.


Dungeon Overview and Level Annotations

Branches:
Dungeon (13/15)            Temple (1/1) D:5            Lair (6/6) D:10
 Shoals (0/4) Lair:3        Snake (0/4) Lair:4        Slime (0/5) Lair:5
    Orc (0/2) D:12          IceCv (visited)
 Vaults: D:13-14

Altars:
Ashenzari
Cheibriados
Dithmenos
Elyvilon
Fedhas
Gozag
Hepliaklqana
Kikubaaqudgha
Makhleb
Nemelex Xobeh
Okawaru
Qazlal
Ru
Sif Muna
Trog
Uskayaw
Vehumet
Wu Jian
Xom
Yredelemnul
Zin
The Shining One

Shops:
D:6 %   D:9 :

Annotations:
D:13 1 transporter, Joysch's ghost, journeyman MiBe


Innate Abilities, Weirdness & Mutations

You are resistant to torment.
Your stone body is resilient. (AC +11)
You are immune to poison.
Your large and strong wings let you fly indefinitely.
You resist negative energy. (rN+)
You are resistant to electric shocks. (rElec)
You can survive without breathing.
You are immune to petrification.
You are immune to rotting.


Message History

The redback is severely wounded.
The redback bites you but does no damage.
You block the catoblepas's attack. The catoblepas gores you!!
You hit the catoblepas.
Lightning courses through the catoblepas!
The catoblepas is moderately wounded.
The moth of wrath goads the komodo dragon on!
The komodo dragon goes berserk!
The komodo dragon rages.
You block the redback's attack.
You slash the catoblepas!
The catoblepas is heavily wounded.
The catoblepas barely misses you. The redback misses you.
The catoblepas gores you but does no damage.
You hit the catoblepas.
The catoblepas is heavily wounded.
The redback bites you!!
* * * LOW HITPOINT WARNING * * *
The catoblepas gores you!!
You die...

#..####..., , ##.#####..,
,, , #####.....# .. ,,,
##.....###.....,..... *
##..#####.##.... ..... #*
#..##......#.... ..... .#
* #.##....#..##.#.,.....
...# #.#©..#...#.#.#*
..... #..#*
##.##Y@##.#.,#.#* .....
*#..#*
#..©#s#YW.#}##.###.....
#..#####..##a{l..#$#..#.)#
,,
#........#.y{#©.[[#©...##*
,,
##.......#.#.y.#.=#....##
##...##.##.#.....##))..##
#..###..#...#.#..#.....##
#..#....#...#.#..#).....#
##<...#.#..$....##.....##


You could see 2 catoblepae, a moth of wrath, a komodo dragon (berserk), a
soldier ant, a redback (berserk) and Joysch's ghost.

Vanquished Creatures
  Rupert (D:13)
  Frances (D:12)
  A white draconian (IceCv)
  Snorg (D:10)
  Erolcha (D:10)
  A fire dragon (D:13)
  Josephine (D:10)
  An ice dragon (Lair:6)
  8 hydras
  2 tengu warriors (D:13)
  A queen ant (Lair:3)
  7 two-headed ogres
  6 death yaks (Lair:5)
  A death knight (D:12)
  Nergalle (Lair:3)
  3 skeletal warriors (D:13)
  An unseen horror (D:12)
  A lindwurm (Lair:6)
  An obsidian statue (D:9)
  A deep elf mage (D:13)
  An ugly thing (D:13)
  An oklob plant (Lair:3)
  2 cyclopes
  An ice statue (IceCv)
  38 elephants
  6 torpor snails (Lair:6)
  6 black mambas
  Psyche (D:10)
  6 spiny frogs
  A rime drake (Lair:1)
  A kobold demonologist (D:11)
  6 komodo dragons
  3 freezing wraiths (D:12)
  A troll (D:12)
  A meliai (shapeshifter) (D:13)
  4 tyrant leeches (Lair:6)
  16 polar bears (IceCv)
  6 hornets (Lair:6)
  5 slime creatures
  Grinder (D:3)
  7 dream sheep (Lair:5)
  3 hippogriffs
  7 blink frogs (Lair:1)
  A redback (D:13)
  A snapping turtle (Lair:3)
  A vampire (D:9)
  A spriggan (D:13)
  52 yaks
  7 wraiths
  4 wyverns
  A basilisk (Lair:5)
  A hungry ghost (D:10)
  4 vampire mosquitoes (D:12)
  2 wargs (D:12)
  17 water moccasins
  20 soldier ants (Lair:3)
  An acid dragon (D:13)
  A sky beast (D:11)
  8 porcupines
  A hornet zombie (D:9)
  4 orc warriors
  6 black bears
  4 boggarts (Lair:6)
  4 ogres
  An eye of draining (D:12)
  3 ice beasts
  2 phantoms (D:7)
  17 wolves
  6 centaurs
  14 crocodiles
  3 big kobolds
  A gnoll sergeant (D:7)
  19 bullfrogs
  7 scorpions
  5 killer bees (D:8)
  2 howler monkeys
  2 electric eels (Lair:3)
  8 crimson imps
  11 hounds
  Crazy Yiuf (D:3)
  A bullfrog zombie (D:10)
  A centaur skeleton (D:12)
  5 jellies
  17 orc wizards
  7 orc priests
  2 bullfrog skeletons
  Jessica (D:3)
  29 worker ants
  9 iguanas
  A hound zombie (D:5)
  A hound skeleton (D:9)
  2 howler monkey skeletons
  2 worker ant zombies
  4 gnolls
  18 adders
  An ooze (D:5)
  An adder skeleton (D:5)
  7 worms
  A dart slug (D:2)
  9 leopard geckos
  43 orcs
  2 giant cockroaches (D:1)
  4 goblins
  13 hobgoblins
  15 jackals
  8 quokkas
  4 ball pythons
  8 bats
  4 frilled lizards
  A giant cockroach zombie (D:5)
  22 kobolds
  9 rats
  A spectral orc (D:4)
  3 plants
664 creatures vanquished.

Vanquished Creatures (others)
  2 polar bears (IceCv)
  4 wolves (IceCv)
  A bush (Lair:5)
  17 fungi
  15 plants
39 creatures vanquished.

Grand Total: 703 creatures vanquished

Notes
Turn   | Place    | Note
-------+----------+-------------------------------------------
     0 | D:1      | Kohma the Gargoyle Earth Elementalist began the quest for
                  | the Orb.
     0 | D:1      | Reached XP level 1. HP: 10/10 MP: 3/3
   145 | D:1      | Reached XP level 2. HP: 15/15 MP: 5/5
   786 | D:1      | Reached XP level 3. HP: 19/19 MP: 4/6
  1110 | D:2      | Found a white marble altar of Elyvilon.
  1447 | D:2      | Learned a level 2 spell: Passwall
  1451 | D:2      | Learned a level 3 spell: Stone Arrow
  1645 | D:2      | Reached skill level 5 in Earth Magic
  1645 | D:2      | Reached XP level 4. HP: 11/24 MP: 5/8
  1866 | D:2      | Reached skill level 1 in Conjurations
  2397 | D:3      | Noticed Jessica
  2403 | D:3      | Killed Jessica
  2403 | D:3      | Reached XP level 5. HP: 23/28 MP: 6/9
  2707 | D:3      | Found a shimmering blue altar of Sif Muna.
  2788 | D:3      | Noticed Grinder
  2802 | D:3      | Killed Grinder
  2802 | D:3      | Reached XP level 6. HP: 22/32 MP: 0/12
  3076 | D:3      | Found a faded altar of an unknown god.
  3220 | D:3      | Found a runed translucent door.
  3221 | D:3      | Noticed Crazy Yiuf
  3228 | D:3      | Killed Crazy Yiuf
  3615 | D:4      | Found an opulent altar of Gozag.
  3712 | D:4      | Reached XP level 7. HP: 3/36 MP: 4/13
  3780 | D:4      | Found a basalt altar of Yredelemnul.
  4523 | D:5      | Entered Level 5 of the Dungeon
  4609 | D:5      | Found a burning altar of Makhleb.
  4623 | D:5      | Reached skill level 1 in Shields
  4680 | D:5      | Found a stormy altar of Qazlal.
  4698 | D:5      | Reached skill level 5 in Spellcasting
  4730 | D:5      | Found a staircase to the Ecumenical Temple.
  4737 | Temple   | Entered the Ecumenical Temple
  5062 | D:5      | Reached skill level 2 in Shields
  5217 | D:5      | Found an iron altar of Okawaru.
  5233 | D:5      | Found a shimmering altar of Xom.
  5237 | D:5      | Reached XP level 8. HP: 38/41 MP: 14/16
  5515 | D:5      | Reached skill level 3 in Shields
  5580 | D:5      | Learned a level 5 spell: Lee's Rapid Deconstruction
  5585 | D:5      | Learned a level 4 spell: Petrify
  6003 | D:6      | Found Ankig's Food Emporium.
  6097 | D:6      | Found a shadowy altar of Dithmenos.
  6280 | D:7      | Reached skill level 4 in Shields
  6425 | D:7      | Found a snail-covered altar of Cheibriados.
  6454 | D:7      | Reached skill level 1 in Transmutations
  6559 | D:7      | Reached skill level 1 in Armour
  6590 | D:6      | Reached skill level 1 in Fighting
  6709 | D:7      | Reached XP level 9. HP: 47/47 MP: 5/18
  7032 | D:7      | Noticed a cyclops
  7044 | D:7      | Killed a cyclops
  7044 | D:7      | Reached skill level 10 in Earth Magic
  7648 | D:8      | Found a stormy altar of Qazlal.
  8233 | D:8      | Reached skill level 5 in Fighting
  9785 | D:8      | Reached XP level 10. HP: 37/64 MP: 2/19
 10647 | D:9      | Found a sacrificial altar of Ru.
 10719 | D:9      | Noticed an obsidian statue
 10724 | D:9      | Noticed a soul eater
 11162 | D:9      | Learned a level 2 spell: Swiftness
 11293 | D:9      | Found a blossoming altar of Fedhas.
 11294 | D:9      | Found an ancient bone altar of Kikubaaqudgha.
 11442 | D:9      | Found a shattered altar of Ashenzari.
 11442 | D:9      | Noticed a two-headed ogre
 11446 | D:9      | Killed a two-headed ogre
 11446 | D:9      | Reached skill level 1 in Charms
 11453 | D:9      | Became a worshipper of Ashenzari the Shackled
 11842 | D:9      | Killed an obsidian statue
 11842 | D:9      | Reached skill level 5 in Shields
 11875 | D:9      | Learned a level 1 spell: Summon Butterflies
 11877 | D:9      | Learned a level 1 spell: Apportation
 11886 | D:9      | Found Caklano's Book Emporium.
 11918 | D:10     | Entered Level 10 of the Dungeon
 11936 | D:10     | Found a staircase to the Lair.
 12151 | D:10     | Reached XP level 11. HP: 71/71 MP: 13/20
 12493 | D:10     | Noticed a two-headed ogre
 12501 | D:10     | Killed a two-headed ogre
 12501 | D:10     | Reached skill level 6 in Shields
 12501 | D:10     | Reached skill level 1 in Summonings
 12501 | D:10     | Reached skill level 1 in Translocations
 12583 | D:10     | Noticed Psyche
 12595 | D:10     | Killed Psyche
 12763 | D:10     | Noticed Josephine
 12775 | D:10     | Killed Josephine
 12775 | D:10     | Reached skill level 10 in Fighting
 12874 | D:10     | Reached skill level 7 in Shields
 13119 | D:10     | Noticed Snorg
 13129 | D:10     | Killed Snorg
 13242 | D:10     | Noticed Erolcha
 13246 | D:10     | Killed Erolcha
 13246 | D:10     | Reached skill level 8 in Shields
 13351 | D:10     | Noticed a two-headed ogre
 13358 | D:10     | Killed a two-headed ogre
 13358 | D:10     | Reached skill level 1 in Air Magic
 14114 | D:11     | Reached * piety under Ashenzari
 14348 | D:11     | Noticed a two-headed ogre
 14355 | D:11     | Killed a two-headed ogre
 14355 | D:11     | Reached skill level 5 in Conjurations
 14374 | D:11     | Reached skill level 9 in Shields
 14394 | D:11     | Found a frozen archway.
 14403 | IceCv    | Entered an ice cave
 14476 | IceCv    | Reached XP level 12. HP: 77/77 MP: 1/23
 15073 | IceCv    | Reached skill level 10 in Shields
 15566 | IceCv    | Noticed a white draconian
 15602 | IceCv    | Killed a white draconian
 15602 | IceCv    | Reached skill level 11 in Shields
 16268 | D:9      | Bought a book of Power for 630 gold pieces
 16275 | D:9      | Learned a level 6 spell: Iron Shot
 16328 | D:11     | Noticed a six-headed hydra
 16354 | D:11     | Killed a six-headed hydra
 17150 | Lair:1   | Entered Level 1 of the Lair of Beasts
 17212 | Lair:1   | Reached XP level 13. HP: 43/82 MP: 1/25
 18181 | Lair:1   | Reached skill level 12 in Shields
 18664 | Lair:2   | Reached ** piety under Ashenzari
 19055 | Lair:2   | Reached skill level 1 in Long Blades
 20306 | Lair:3   | Identified a scroll of acquirement
 20306 | Lair:3   | Identified the cursed ring "Udurruomn" {+Inv rC+ Str+5
                  | Int+4 Slay+3} (You acquired it on level 3 of the Lair of
                  | Beasts)
 20306 | Lair:3   | Identified the cursed +0 cloak "Oveys" {+Fly rC+ SInv} (You
                  | acquired it on level 3 of the Lair of Beasts)
 20656 | Lair:3   | Noticed Nergalle
 20953 | Lair:3   | Found a staircase to the Shoals.
 21191 | Lair:3   | Learned a level 2 spell: Blink
 21195 | Lair:3   | Learned a level 3 spell: Mephitic Cloud
 21298 | Lair:3   | Killed Nergalle
 21799 | Lair:4   | Reached skill level 13 in Shields
 22075 | Lair:4   | Gained mutation: Your large and strong wings let you fly
                  | indefinitely. [Gargoyle growth]
 22075 | Lair:4   | Reached XP level 14. HP: 83/88 MP: 17/27
 22259 | Lair:4   | Found a staircase to the Snake Pit.
 22368 | Lair:4   | Reached *** piety under Ashenzari
 22794 | Lair:4   | Reached skill level 5 in Long Blades
 23114 | Lair:5   | Reached skill level 10 in Spellcasting
 24309 | Lair:5   | Found a staircase to the Slime Pits.
 25638 | Lair:6   | Entered Level 6 of the Lair of Beasts
 25944 | Lair:5   | Reached skill level 10 in Long Blades
 26445 | Lair:6   | Reached **** piety under Ashenzari
 26616 | Lair:6   | Reached XP level 15. HP: 92/92 MP: 22/29
 26687 | Lair:6   | Identified the cursed ring of Neshuh {*Contam MP+9 Int+5
                  | Stlth+} (You acquired it on level 6 of the Lair of Beasts)
 27148 | Lair:6   | Found a runed translucent door.
 27642 | Lair:6   | Identified the +3 robe of the Shining Light {*Drain Int+3}
 28417 | D:12     | Noticed Frances
 28435 | D:12     | Killed Frances
 28435 | D:12     | Reached skill level 1 in Evocations
 28541 | D:12     | Found a staircase to the Orcish Mines.
 29207 | D:13     | Found a transporter.
 29218 | D:13     | Noticed Joysch's ghost (journeyman MiBe)
 29230 | D:13     | Found a transporter.
 29700 | D:13     | Noticed Rupert
 29706 | D:13     | Paralysed by Rupert for 6 turns
 29714 | D:13     | Killed Rupert
 29790 | D:13     | Reached ***** piety under Ashenzari
 30059 | D:13     | Mangled by a catoblepas

Levels and vault maps discovered:
D:1:      sevenhm_arrival_forest_fort_small_6, layout_basic
D:2:      layout_rooms, elyvilon_altar_5
D:3:      layout_loops_cross, marbit_many_paths,
          chequers_ecumenical_altar_lobes, uniq_crazy_yiuf_cottage,
          uniq_jessica, uniq_grinder
D:4:      minmay_evil_eye, layout_layer_cave,
          yredelemnul_forgotten_temple_becter, kennysheep_mini_moat,
          first_ration
D:5:      lemuel_ice_spiral_2, layout_basic, okawaru_metal_pillars_1_2,
          nicolae_overflow_crystal_walls, lemuel_doored_altar,
          minmay_temple_entry_arrows, nicolae_qazlal_eye_of_the_storm
D:6:      layout_layer_cave, serial_shops, nicolae_shop_crystal, basic_altar,
          minmay_between
D:7:      layout_rooms, cheibrodos_worm_habitat
D:8:      layout_cave_pods, old_standard_altar, small_statue_intersection
D:9:      layout_grid_maze, grunt_temple_overflow_growth_and_decay,
          nicolae_ru_sacrificial_ziggurat, evilmike_ruin_ashenzari,
          serial_shops, shop, minmay_protected_statue
D:10:     layout_stronghold, lair_entry_dummy, uniq_josephine, uniq_erolcha,
          uniq_snorg, uniq_psyche
D:11:     layout_roguey, portal_ice_cave_entry_pillars_1, serial_glass,
          glass_columns_a, glass_columns_a, minmay_strange_pillars,
          minmay_strange_pillars, minmay_strange_pillars, feat_on_display
D:12:     layout_roguey, david_orc_3, uniq_frances
D:13:     layout_cave_pods, gammafunk_ghost_berserking_beasts, the_bakery,
          uniq_rupert, uniq_nessos
Temple:   compressed_dpeg_triangle_lava_temple
Lair:1:   layout_roguey, st_stairs_3, grunt_megastairs_1
Lair:2:   layout_big_grid, chequers_serial_rivers_micro_b
Lair:3:   layout_regular_city, minmay_shoals_entry_hut, minivault_29,
          infiniplex_staircase_pool, minmay_lair_oklob_chamber,
          serial_bayou_shore_b, uniq_nergalle
Lair:4:   layout_regular_city, dummy_snake_entry, infiniplex_staircase_pool_2
Lair:5:   beast_lair_carwin_large_3, layout_cave_pods,
          minmay_slime_entry_pillars
Lair:6:   wormcave, layout_gridlike, kilobyte_rumbling_trees

Skill      XL: |  1  2  3  4  5  6  7  8  9 10 11 12 13 14 15 |
---------------+----------------------------------------------+-----
Earth Magic    | 4 5 6 7 9 10 11 | 11.6
Conjurations   | 1 2 4 5 6 8 |  8.5
Spellcasting   | 3 4 5 6 7 8 9 10 11 | 11.2
Shields        | 2 4 5 9 11 13 | 13.4
Transmutations | 1 2 |  2.0
Armour         | 1 3 |  3.6
Fighting       | 1 7 9 10 11 | 11.8
Dodging        | 3 4 |  4.9
Charms         | 2 |  2.0
Summonings     | 2 |  2.0
Translocations | 1 |  1.1
Air Magic      | 1 |  1.0
Long Blades    | 4 10 | 10.8
Evocations     | 4 |  4.3
Stealth        | |  2.1

Action                   |  1- 3 |  4- 6 |  7- 9 | 10-12 | 13-15 || total
-------------------------+-------+-------+-------+-------+-------++-------
Melee: Unarmed           |    14 |       |       |       |       ||    14
       Dagger            |   121 |    87 |   268 |   417 |   611 ||  1504
       Long sword        |       |       |       |       |   149 ||   149
       Demon blade       |       |       |       |       |   321 ||   321
 Cast: Sandblast         |    33 |    49 |    75 |   103 |    62 ||   322
       Stone Arrow       |       |     3 |    88 |   173 |   153 ||   417
       Lee's Rapid Decon |       |       |       |    25 |    20 ||    45
       Iron Shot         |       |       |       |       |   110 ||   110
       Mephitic Cloud    |       |       |       |       |     2 ||     2
Invok: Curse Item        |       |       |       |     2 |     2 ||     4
 Abil: Fly               |       |       |       |       |     1 ||     1
  Use: Scroll            |       |     6 |    18 |     7 |    19 ||    50
       Potion            |       |       |       |     6 |       ||     6
 Stab: Sleeping          |     2 |     3 |     1 |     1 |     4 ||    11
       Distracted        |     1 |       |       |     1 |       ||     2
  Eat: Chunk             |     3 |     6 |    20 |    21 |    60 ||   110
       Ration            |       |       |     1 |     5 |     6 ||    12
Armor: Robe              |    49 |    46 |    81 |       |       ||   176
       Leather armour    |       |       |    72 |   173 |       ||   245
       Troll leather arm |       |       |       |   166 |   509 ||   675
Dodge: Dodged            |    86 |    66 |   218 |   332 |   542 ||  1244
Block: Buckler           |       |       |    57 |   280 |   277 ||   614
       Kite shield       |       |       |       |       |   564 ||   564
       Reflection        |       |       |       |       |     7 ||     7
       Rpst.: Long sword |       |       |       |       |    17 ||    17
       Demon blade       |       |       |       |       |    21 ||    21

Table legend:
 A = Non-vault XP
 B = Vault XP
 C = Vault XP percentage of total XP
 D = Non-vault monster count
 E = Vault monster count
 F = Vault count percentage of total count
                 A         B        C        D         E       F
            +---------+---------+-------+---------+---------+-------
      Total |   81761 |   42245 |  34.1 |     503 |     158 |  23.9
            +---------+---------+-------+---------+---------+-------
        D:1 |      44 |       0 |   0.0 |      25 |       0 |   0.0
        D:2 |      88 |       0 |   0.0 |      27 |       0 |   0.0
        D:3 |      48 |     362 |  88.3 |      18 |       4 |  18.2
        D:4 |     157 |       1 |   0.6 |      13 |       1 |   7.1
        D:5 |     683 |       0 |   0.0 |      26 |       0 |   0.0
        D:6 |     617 |     215 |  25.8 |      23 |       6 |  20.7
        D:7 |    1608 |       5 |   0.3 |      37 |       1 |   2.6
        D:8 |     866 |       0 |   0.0 |      21 |       0 |   0.0
        D:9 |    3543 |     677 |  16.0 |      29 |       1 |   3.3
       D:10 |    2930 |    4461 |  60.4 |      20 |       8 |  28.6
       D:11 |    3558 |       0 |   0.0 |      18 |       0 |   0.0
       D:12 |    8680 |    2692 |  23.7 |      43 |       7 |  14.0
       D:13 |   11534 |    3313 |  22.3 |      42 |       3 |   6.7
     Lair:1 |    9399 |     652 |   6.5 |      35 |       4 |  10.3
     Lair:2 |    4300 |       0 |   0.0 |      20 |       0 |   0.0
     Lair:3 |    1086 |    6210 |  85.1 |      10 |      43 |  81.1
     Lair:4 |    6480 |       0 |   0.0 |      23 |       0 |   0.0
     Lair:5 |   16639 |    6293 |  27.4 |      43 |      18 |  29.5
     Lair:6 |    9501 |    7245 |  43.3 |      30 |      22 |  42.3
      IceCv |       0 |   10119 | 100.0 |       0 |      40 | 100.0
            +---------+---------+-------+---------+---------+-------
